 Dungeon Crawl Stone Soup version 0.20.1-1-g8b1a95d (webtiles) character file.

1573 raph the Chiller (level 8, -3/66 HPs)
             Began as a Purple Draconian Ice Elementalist on Oct 26, 2017.
             Was a Follower of Kikubaaqudgha.
             Killed from afar by an orc wizard (10 damage)
             ... with a puff of flame
             ... on level 6 of the Dungeon.
             The game lasted 00:18:38 (6815 turns).

raph the Chiller (DrIE)                             Turns: 6815, Time: 00:18:40

Health: -3/66      AC:  9    Str: 15    XL:     8   Next: 59%
Magic:  4/14       EV: 13    Int: 16    God:    Kikubaaqudgha [*.....]
Gold:   198        SH:  0    Dex: 14    Spells: 1/15 levels left

rFire    . . .     SeeInvis .   b - +0 dagger (holy)
rCold    . . .     Gourm    .   (no shield)
rNeg     . . .     Faith    .   (armour unavailable)
rPois    .         Spirit   .   (helmet restricted)
rElec    .         Reflect  .   (no cloak)
rCorr    .         Harm     .   C - +0 pair of gloves
MR       +....                  t - +0 pair of boots
Stlth    ++........             (no amulet)
Regen    0.3/turn               p - +1 ring of protection
MPRegen  0.2/turn               w - +5 ring of strength

@: lethally poisoned (-3 -> -4), hasted, drained, very quick
A: breathe power, unfitting armour, cold-blooded, AC +6
a: Breathe Dispelling Energy, Receive Corpses, Renounce Religion


You were on level 6 of the Dungeon.
You worshipped Kikubaaqudgha.
Kikubaaqudgha was aware of your devotion.
You were hungry.

You visited 1 branch of the dungeon, and saw 6 of its levels.

You collected 318 gold pieces.
You spent 120 gold pieces at shops.

Inventory:

Hand Weapons
 a - a +1 dagger of speed
 b - a +0 dagger of holy wrath (weapon)
 d - a +2 mace of protection
 y - a +0 quarterstaff
Missiles
 r - 2 exploding tomahawks (quivered)
Armour
 t - a +0 pair of boots (worn)
 C - a +0 pair of gloves (worn)
Magical Staves
 k - an uncursed staff of poison
Jewellery
 p - a +1 ring of protection (left hand)
 v - an uncursed ring of magical power {unknown}
 w - a +5 ring of strength (right hand)
Wands
 o - a wand of scattershot (1/9)
 A - a wand of polymorph (2/24)
Scrolls
 h - a scroll of amnesia
 m - 2 scrolls of teleportation
Potions
 c - a potion of heal wounds
 e - 2 potions of curing
 f - a potion of degeneration {unknown}
 i - a potion of magic
 j - a potion of mutation
 l - a potion of lignification
 u - 4 potions of haste
Books
 s - a book of Frost

   Spells                             Type                      Level
   a - Freeze                         Ice                          1
   b - Throw Frost                    Conjuration/Ice              2
   c - Ozocubu's Armour               Charms/Ice                   3
   d - Throw Icicle                   Conjuration/Ice              4
   e - Summon Ice Beast               Ice/Summoning                4
 B - Kikubaaqudgha's Grimoire of Sinister Rites
   (Kikubaaqudgha gifted it to you on level 4 of the Dungeon)

   Spells                             Type                      Level
   a - Pain                           Necromancy                   1
   b - Corpse Rot                     Necromancy                   2
   c - Sublimation of Blood           Necromancy                   2
   d - Regeneration                   Charms/Necromancy            3
   e - Control Undead                 Necromancy                   4
Comestibles
 g - a meat ration
 n - 3 bread rations
 q - 3 royal jellies


   Skills:
 - Level 4.0(3.7) Fighting
 + Level 3.6(3.3) Short Blades
 - Level 3.6(3.4) Dodging
 - Level 3.6(3.3) Stealth
 - Level 4.3(4.0) Spellcasting
 * Level 2.5(2.2) Conjurations
 - Level 3.1(2.8) Charms
 + Level 2.9(2.6) Necromancy
 * Level 5.8(5.4) Ice Magic


You had one spell level left.
You knew the following spells:

 Your Spells              Type           Power        Failure   Level  Hunger
a - Freeze                Ice            ###.         1%          1    None
b - Throw Frost           Conj/Ice       ###...       5%          2    ##.....
c - Ozocubu's Armour      Chrm/Ice       ###.....     9%          3    ###....
d - Regeneration          Chrm/Necr      ##........   16%         3    ###....
e - Pain                  Necr           ##..         5%          1    None
f - Throw Icicle          Conj/Ice       ###.....     34%         4    ####...


Dungeon Overview and Level Annotations

Branches:
Dungeon (6/15)
 Temple: D:4-7

Altars:
Fedhas
Gozag
Kikubaaqudgha
Makhleb
Nemelex Xobeh
Zin
The Shining One

Shops:
D:4 =   D:5 !

Annotations:
D:5 othur's ghost, novice MiCK


Innate Abilities, Weirdness & Mutations

You can breathe bolts of dispelling energy.
Your rich purple scales are hard. (AC +6)
You cannot fit into any form of body armour.
You are cold-blooded and may be slowed by cold attacks.


Message History

The puff of frost hits the crimson imp.
The crimson imp is frozen!
The crimson imp is moderately wounded.
You hear some strange, mumbled words.
A magic dart appears from out of thin air!
The magic dart hits you!
* * * LOW HITPOINT WARNING * * *
You hit something.
You feel sick.
You hear some strange, mumbled words.
A puff of flame appears from out of thin air!
The puff of flame misses you.
You miss something. Something hits you but does no damage.
You hit something.
The crimson imp blinks!
Something barely misses you.
Okay, then.
You feel yourself speed up.
Your icy armour evaporates.
You hear some strange, mumbled words.
A puff of flame appears from out of thin air!
The puff of flame hits you!
You die...
Kikubaaqudgha rasps: "You have failed me!
Welcome... death!"

###########################
........o.@...............>
######o###################
#.......# #.......#
........# ........#
..o...... ..o...$..
#........


You could see an orc priest and an orc.

Vanquished Creatures
  Grinder (D:4)
  An orc warrior (D:6)
  An ice beast (D:5)
  A necrophage (D:6)
  A sky beast (D:5)
  A black bear (D:6)
  An ogre (D:5)
  A centaur (D:5)
  3 wights (D:6)
  An orc priest (D:6)
  4 orc wizards
  An iguana (D:5)
  Ijyb (D:4)
  5 worker ants
  8 gnolls
  A howler monkey skeleton (D:4)
  7 adders
  A shadow imp (D:5)
  An adder zombie (D:5)
  An adder skeleton (D:4)
  4 worms
  2 dart slugs (D:1)
  6 leopard geckos
  19 orcs
  5 bats
  6 giant cockroaches
  11 hobgoblins
  11 jackals
  10 kobolds
  A ball python (D:1)
  5 frilled lizards
  16 goblins
  5 rats
143 creatures vanquished.

Notes
Turn   | Place    | Note
-------+----------+-------------------------------------------
     0 | D:1      | raph the Draconian Ice Elementalist began the quest for the Orb.
     0 | D:1      | Reached XP level 1. HP: 14/14 MP: 3/3
   121 | D:1      | Reached XP level 2. HP: 18/22 MP: 0/5
   206 | D:1      | Learned a level 2 spell: Throw Frost
   227 | D:1      | Reached skill level 1 in Fighting
   562 | D:1      | Reached XP level 3. HP: 28/28 MP: 6/6
   567 | D:1      | Learned a level 3 spell: Ozocubu's Armour
  1450 | D:2      | Found an ancient bone altar of Kikubaaqudgha.
  1452 | D:2      | Found a sparkling altar of Nemelex Xobeh.
  1492 | D:2      | Found a burning altar of Makhleb.
  1525 | D:2      | Found a glowing golden altar of the Shining One.
  1568 | D:2      | Found a glowing silver altar of Zin.
  1941 | D:2      | Reached XP level 4. HP: 34/35 MP: 5/7
  2033 | D:2      | You fall through a shaft for 2 floors!
  2060 | D:3      | Reached skill level 4 in Ice Magic
  2147 | D:3      | Reached XP level 5. HP: 30/41 MP: 0/8
  3047 | D:4      | Found an opulent altar of Gozag.
  3096 | D:2      | Found a blossoming altar of Fedhas.
  3129 | D:2      | Found a blossoming altar of Fedhas.
  3135 | D:2      | Became a worshipper of Kikubaaqudgha
  3445 | D:4      | Noticed Ijyb
  3560 | D:4      | Killed Ijyb
  3567 | D:4      | Reached XP level 6. HP: 50/50 MP: 4/10
  3572 | D:4      | Reached skill level 1 in Charms
  3664 | D:4      | Found Amant's Jewellery Shop.
  3795 | D:4      | Reached * piety under Kikubaaqudgha
  3795 | D:4      | Identified Kikubaaqudgha's Grimoire of Sinister Rites (Kikubaaqudgha gifted it to you on level 4 of the Dungeon)
  3795 | D:4      | Received a gift from Kikubaaqudgha
  3819 | D:4      | Learned a level 3 spell: Regeneration
  3897 | D:4      | Learned a level 1 spell: Pain
  3908 | D:4      | Noticed Grinder
  3913 | D:4      | Paralysed by Grinder for 2 turns
  3947 | D:4      | Killed Grinder
  3947 | D:4      | Reached skill level 1 in Short Blades
  3947 | D:4      | Reached skill level 1 in Necromancy
  3947 | D:4      | Your scales start taking on a rich purple colour.
  3947 | D:4      | Reached XP level 7. HP: 8/57 MP: 12/12
  4580 | D:5      | Entered Level 5 of the Dungeon
  5467 | D:5      | Reached skill level 5 in Ice Magic
  5666 | D:5      | Found Koasa's Distillery.
  5670 | D:5      | Bought a potion of haste for 120 gold pieces
  5888 | D:5      | Reached XP level 8. HP: 59/66 MP: 11/14
  5928 | D:5      | Noticed othur's ghost (novice MiCK)
  6351 | D:6      | Learned a level 4 spell: Throw Icicle
  6815 | D:6      | Killed from afar by an orc wizard

Skill      XL: |  1  2  3  4  5  6  7  8 |
---------------+-------------------------+-----
Fighting       | 1 2 3 4 |  4.0
Stealth        | 2 3 |  3.6
Dodging        | 2 3 |  3.6
Ice Magic      | 4 5 |  5.8
Charms         | 1 2 3 |  3.1
Short Blades   | 1 2 3 |  3.6
Spellcasting   | 3 4 |  4.3
Necromancy     | 1 2 |  2.9
Conjurations   | 2 |  2.5

Action                   |  1- 3 |  4- 6 |  7- 9 || total
-------------------------+-------+-------+-------++-------
Melee: Mace              |    57 |    57 |       ||   114
       Unarmed           |     1 |    19 |       ||    20
       Tailslap          |     4 |    25 |    34 ||    63
       Dagger            |     1 |   184 |   240 ||   425
Throw: Tomahawk          |       |     2 |     1 ||     3
 Cast: Freeze            |    35 |    25 |    47 ||   107
       Throw Frost       |     4 |     7 |     9 ||    20
       Ozocubu's Armour  |       |    12 |    15 ||    27
       Pain              |       |       |    19 ||    19
       Regeneration      |       |       |     7 ||     7
Evoke: Wand              |       |       |     2 ||     2
  Use: Potion            |       |     1 |     2 ||     3
       Scroll            |       |       |    12 ||    12
 Stab: Sleeping          |     4 |       |     3 ||     7
  Eat: Chunk             |     4 |     9 |     9 ||    22
       Royal jelly       |       |       |     1 ||     1
Armor: Skin              |    48 |    85 |    69 ||   202
Dodge: Dodged            |    75 |   167 |   162 ||   404
